 Dungeon Crawl Stone Soup version 0.23.2-40-g277498a001 (webtiles) character file.

Game seed: 14811421279226075380

106 Destructed3 the Ducker (level 4, -3/34 HPs)
             Began as a Mummy Gladiator on Oct 23, 2019.
             Was a Follower of Cheibriados.
             Slain by a sky beast (4 damage)
             ... on level 3 of the Dungeon.
             The game lasted 00:06:59 (2062 turns).

Destructed3 the Ducker (Mummy Gladiator)            Turns: 2062, Time: 00:07:00

Health: -3/34      AC:  5    Str: 23    XL:     4   Next: 55%
Magic:  4/4        EV: 13    Int:  9    God:    Cheibriados [*.....]
Gold:   45         SH:  0    Dex: 15    Spells: 3/3 levels left

rFire    x . .     SeeInvis .   a - +0 war axe
rCold    + . .     Gourm    .   (no shield)
rNeg     + + +     Faith    .   b - +0 leather armour
rPois    ∞         Spirit   .   c - +0 helmet
rElec    .         Reflect  .   m - +0 cloak
rCorr    .         Harm     .   (no gloves)
MR       .....                  (no boots)
Stlth    +.........             (no amulet)
HPRegen  0.11/turn              e - ring of poison resistance
MPRegen  0.09/turn              g - +3 ring of strength

@: very slow
A: no food or potions, fire vulnerability, cold resistance 1, negative energy
resistance 3, torment resistance, unbreathing
a: Bend Time, Renounce Religion


You were on level 3 of the Dungeon.
You worshipped Cheibriados.
Cheibriados was aware of your devotion.
You were not hungry.

You visited 1 branch of the dungeon, and saw 3 of its levels.

You collected 45 gold pieces.

Inventory:

Hand Weapons
 a - a +0 war axe (weapon)
 h - a +0 hunting sling
Missiles
 d - 4 throwing nets (quivered)
 j - 64 stones
 n - 25 bolts
Armour
 b - a +0 leather armour (worn)
 c - a +0 helmet (worn)
 m - a +0 cloak (worn)
Jewellery
 e - a ring of poison resistance (left hand)
 f - an uncursed amulet of rage
 g - a +3 ring of strength (right hand)
Scrolls
 i - a scroll of fog {unknown}
 k - a scroll of remove curse {unknown}
 l - 2 scrolls of fear {unknown}
 o - a scroll of identify
 p - a scroll of enchant weapon {unknown}


   Skills:
 + Level 2.9 Fighting
 - Level 2.4 Axes
 + Level 0.1(1.0) Slings
 - Level 1.5(1.6) Throwing
 + Level 1.4 Armour
 + Level 3.5 Dodging


You had 3 spell levels left.
You didn't know any spells.
Your spell library was empty.

Dungeon Overview and Level Annotations

Branches:
Dungeon (3/15)

Altars:
Cheibriados


Innate Abilities, Weirdness & Mutations

You do not eat or drink.
Your flesh is vulnerable to fire.
You are immune to poison.
Your flesh is cold resistant. (rC+)
You are immune to negative energy. (rN+++)
You are immune to unholy pain and torment.
You can survive without breathing.


Message History

The stone hits you but does no damage.
The orc wizard casts a spell.
The orc wizard seems to speed up.
The goblin shoots a sling bullet.
The sling bullet hits you. The adder bites you.
* * * LOW HITPOINT WARNING * * *
You slash the adder!
You kill the adder!
Cheibriados appreciates the change of pace.
The goblin shoots a sling bullet.
The sling bullet misses you.
The goblin shoots a sling bullet.
The sling bullet barely misses you.
You slash the sky beast!
The sky beast is moderately wounded.
The sky beast flickers out of sight!
Deactivating autopickup; reactivate with Ctrl-A.
Something hits you but does no damage. The orc wizard casts a spell at you.
The magic dart hits you!
* * * LOW HITPOINT WARNING * * *
Something hits you.
You die...

#.. <. ........#..##.###
. .....?..##......## ..
....?..##........ ..g
#.....# #....... ....
#.....# #....... .....
#.....# #.#+#'##
......###.....###.......
.....Ko@{........#..####
################.#..#
######.#..# ..........>#
#######.#### #.#
#.####### #........
#.#######


You could see an orc wizard, a goblin and a kobold.

Vanquished Creatures
  4 adders
  An ooze (D:1)
  2 dart slugs
  5 leopard geckos (D:2)
  8 bats
  4 giant cockroaches
  7 hobgoblins
  8 kobolds
  A ball python (D:1)
  4 frilled lizards
  5 goblins
  8 rats
57 creatures vanquished.

Notes
Turn   | Place    | Note
-------+----------+-------------------------------------------
     0 | D:1      | Destructed3 the Mummy Gladiator began the quest for the
                  | Orb.
     0 | D:1      | Reached XP level 1. HP: 16/16 MP: 1/1
   207 | D:1      | Reached XP level 2. HP: 21/22 MP: 2/2
   403 | D:1      | Reached skill level 3 in Dodging
   451 | D:1      | Reached XP level 3. HP: 27/28 MP: 3/3
   755 | D:2      | Found a snail-covered altar of Cheibriados.
   962 | D:2      | Became a worshipper of Cheibriados the Contemplative
  1394 | D:2      | Reached skill level 1 in Armour
  1489 | D:2      | Reached * piety under Cheibriados
  1489 | D:2      | Reached XP level 4. HP: 31/34 MP: 4/4
  2050 | D:3      | Noticed a sky beast
  2062 | D:3      | HP: 1/34 [orc wizard/magic dart (10)]
  2062 | D:3      | Slain by a sky beast

Skill      XL: |  1  2  3 |
---------------+----------+-----
Dodging        | 3 |  3.5
Armour         | 1 |  1.4
Fighting       | |  2.9
Axes           | |  2.4
Slings         | |  0.1
Throwing       | |  1.5

Action                   |  1- 3 |  4- 6 || total
-------------------------+-------+-------++-------
Melee: War axe           |   124 |    22 ||   146
 Fire: Hunting sling     |    11 |       ||    11
  Use: Scroll            |     2 |       ||     2
Armor: Leather armour    |    28 |    14 ||    42
Dodge: Dodged            |   113 |    22 ||   135
